Workbook

Sheet Dashboard
C2: MORTGAGE CALCULATOR
C3: DASHBOARD
E6: Assumptions | H6: 24
E8: Loan Amount | F8: 450000
E9: Interest Rate (as annual interest %) | F9: 0.05
E10: First Payment Date (dd-mm-yyyy) | F10: 44705
E11: Payment Frequency | F11: Monthly
E12: Loan Term (duration in months) | F12: 36 | G12: =IF(AND($F$11<>"Monthly",MOD($F$12,12)<>0),"!","")
E13: Balloon Payment | F13: 50000
E15: Outputs
E17: Installment Amount | F17: =IFERROR(IF(Calc!$I$7<>Calc!$K$6,"",Calc!D14),"") -> 12196.692
E18: Number of Payments | F18: =IFERROR(IF(Calc!$I$7<>Calc!$K$6,"",F12/INDEX(Calc!E5:E8,MATCH(Dashboard!F11,Calc!C5:C8,0))),"") -> 36
E19: Total Interest Paid | F19: =IFERROR(IF(Calc!$I$7<>Calc!$K$6,"",IF(LEN(F8)=0,"",SUM(F23:F59))),"") -> 39080.918
E20: Total Payment | F20: =IFERROR(IF(Calc!$I$7<>Calc!$K$6,"",F8+F19),"") -> 489080.92
C22: Payment Period | D22: Date | E22: Capital Paid | F22: Interest Paid | H22: =$F$11&" Payment" -> Monthly Payment | I22: Remaining Balance
C23: =IFERROR(IF(Calc!$I$7<>Calc!$K$6,"",IF(LEN(F8)=0,"",1)),"") -> 1 | D23: =IFERROR(IF(Calc!$I$7<>Calc!$K$6,"",IF(LEN(F8)=0,"",F10)),"") -> 44705 | E23: =IFERROR(IF(Calc!$I$7<>Calc!$K$6,"",IF(LEN(C23)=0,"",H23-F23)),"") -> 10321.692 | F23: =IFERROR(IF(Calc!$I$7<>Calc!$K$6,"",IF(LEN(C23)=0,"",($F$8-$F$13)*Calc!$D$11+Calc!$D$12)),"") -> 1875 | H23: =IFERROR(IF(Calc!$I$7<>Calc!$K$6,"",IF(LEN(C23)=0,"",IF(C23=Calc!$C$9,Dashboard!$F$13,Calc!$D$14))),"") -> 12196.692 | I23: =IFERROR(IF(Calc!$I$7<>Calc!$K$6,"",IF(LEN(C23)=0,"",$F$8-E23)),"") -> 439678.31
C24: =IFERROR(IF(Calc!$I$7<>Calc!$K$6,"",IF(C23="","",IF(C23=Calc!$C$9,"",IF(AND(C23=$F$18,$F$13<=0),"",IF(C23=$F$18,Calc!$C$9,C23+1))))),"") -> 2 | D24: =IFERROR(IF(Calc!$I$7<>Calc!$K$6,"",IF(C24="","",IF(C24=Calc!$C$9,D23,EDATE(D23,INDEX(Calc!$E$5:$E$8,MATCH(Dashboard!$F$11,Calc!$C$5:$C$8,0)))))),"") -> 44736 | E24: =IFERROR(IF(Calc!$I$7<>Calc!$K$6,"",IF(LEN(C24)=0,"",H24-F24)),"") -> 10364.699 | F24: =IFERROR(IF(Calc!$I$7<>Calc!$K$6,"",IF(LEN(C24)=0,"",IF(C24=Calc!$C$9,0,(I23-$F$13)*Calc!$D$11+Calc!$D$12))),"") -> 1831.9929 | H24: =IFERROR(IF(Calc!$I$7<>Calc!$K$6,"",IF(LEN(C24)=0,"",IF(C24=Calc!$C$9,Dashboard!$F$13,Calc!$D$14))),"") -> 12196.692 | I24: =IFERROR(IF(Calc!$I$7<>Calc!$K$6,"",IF(LEN(C24)=0,"",I23-E24)),"") -> 429313.61
C25: =IFERROR(IF(Calc!$I$7<>Calc!$K$6,"",IF(C24="","",IF(C24=Calc!$C$9,"",IF(AND(C24=$F$18,$F$13<=0),"",IF(C24=$F$18,Calc!$C$9,C24+1))))),"") -> 3 | D25: =IFERROR(IF(Calc!$I$7<>Calc!$K$6,"",IF(C25="","",IF(C25=Calc!$C$9,D24,EDATE(D24,INDEX(Calc!$E$5:$E$8,MATCH(Dashboard!$F$11,Calc!$C$5:$C$8,0)))))),"") -> 44766 | E25: =IFERROR(IF(Calc!$I$7<>Calc!$K$6,"",IF(LEN(C25)=0,"",H25-F25)),"") -> 10407.885 | F25: =IFERROR(IF(Calc!$I$7<>Calc!$K$6,"",IF(LEN(C25)=0,"",IF(C25=Calc!$C$9,0,(I24-$F$13)*Calc!$D$11+Calc!$D$12))),"") -> 1788.8067 | H25: =IFERROR(IF(Calc!$I$7<>Calc!$K$6,"",IF(LEN(C25)=0,"",IF(C25=Calc!$C$9,Dashboard!$F$13,Calc!$D$14))),"") -> 12196.692 | I25: =IFERROR(IF(Calc!$I$7<>Calc!$K$6,"",IF(LEN(C25)=0,"",I24-E25)),"") -> 418905.72
C26: =IFERROR(IF(Calc!$I$7<>Calc!$K$6,"",IF(C25="","",IF(C25=Calc!$C$9,"",IF(AND(C25=$F$18,$F$13<=0),"",IF(C25=$F$18,Calc!$C$9,C25+1))))),"") -> 4 | D26: =IFERROR(IF(Calc!$I$7<>Calc!$K$6,"",IF(C26="","",IF(C26=Calc!$C$9,D25,EDATE(D25,INDEX(Calc!$E$5:$E$8,MATCH(Dashboard!$F$11,Calc!$C$5:$C$8,0)))))),"") -> 44797 | E26: =IFERROR(IF(Calc!$I$7<>Calc!$K$6,"",IF(LEN(C26)=0,"",H26-F26)),"") -> 10451.252 | F26: =IFERROR(IF(Calc!$I$7<>Calc!$K$6,"",IF(LEN(C26)=0,"",IF(C26=Calc!$C$9,0,(I25-$F$13)*Calc!$D$11+Calc!$D$12))),"") -> 1745.4405 | H26: =IFERROR(IF(Calc!$I$7<>Calc!$K$6,"",IF(LEN(C26)=0,"",IF(C26=Calc!$C$9,Dashboard!$F$13,Calc!$D$14))),"") -> 12196.692 | I26: =IFERROR(IF(Calc!$I$7<>Calc!$K$6,"",IF(LEN(C26)=0,"",I25-E26)),"") -> 408454.47
C27: =IFERROR(IF(Calc!$I$7<>Calc!$K$6,"",IF(C26="","",IF(C26=Calc!$C$9,"",IF(AND(C26=$F$18,$F$13<=0),"",IF(C26=$F$18,Calc!$C$9,C26+1))))),"") -> 5 | D27: =IFERROR(IF(Calc!$I$7<>Calc!$K$6,"",IF(C27="","",IF(C27=Calc!$C$9,D26,EDATE(D26,INDEX(Calc!$E$5:$E$8,MATCH(Dashboard!$F$11,Calc!$C$5:$C$8,0)))))),"") -> 44828 | E27: =IFERROR(IF(Calc!$I$7<>Calc!$K$6,"",IF(LEN(C27)=0,"",H27-F27)),"") -> 10494.799 | F27: =IFERROR(IF(Calc!$I$7<>Calc!$K$6,"",IF(LEN(C27)=0,"",IF(C27=Calc!$C$9,0,(I26-$F$13)*Calc!$D$11+Calc!$D$12))),"") -> 1701.8936 | H27: =IFERROR(IF(Calc!$I$7<>Calc!$K$6,"",IF(LEN(C27)=0,"",IF(C27=Calc!$C$9,Dashboard!$F$13,Calc!$D$14))),"") -> 12196.692 | I27: =IFERROR(IF(Calc!$I$7<>Calc!$K$6,"",IF(LEN(C27)=0,"",I26-E27)),"") -> 397959.67
C28: =IFERROR(IF(Calc!$I$7<>Calc!$K$6,"",IF(C27="","",IF(C27=Calc!$C$9,"",IF(AND(C27=$F$18,$F$13<=0),"",IF(C27=$F$18,Calc!$C$9,C27+1))))),"") -> 6 | D28: =IFERROR(IF(Calc!$I$7<>Calc!$K$6,"",IF(C28="","",IF(C28=Calc!$C$9,D27,EDATE(D27,INDEX(Calc!$E$5:$E$8,MATCH(Dashboard!$F$11,Calc!$C$5:$C$8,0)))))),"") -> 44858 | E28: =IFERROR(IF(Calc!$I$7<>Calc!$K$6,"",IF(LEN(C28)=0,"",H28-F28)),"") -> 10538.527 | F28: =IFERROR(IF(Calc!$I$7<>Calc!$K$6,"",IF(LEN(C28)=0,"",IF(C28=Calc!$C$9,0,(I27-$F$13)*Calc!$D$11+Calc!$D$12))),"") -> 1658.1653 | H28: =IFERROR(IF(Calc!$I$7<>Calc!$K$6,"",IF(LEN(C28)=0,"",IF(C28=Calc!$C$9,Dashboard!$F$13,Calc!$D$14))),"") -> 12196.692 | I28: =IFERROR(IF(Calc!$I$7<>Calc!$K$6,"",IF(LEN(C28)=0,"",I27-E28)),"") -> 387421.15
C29: =IFERROR(IF(Calc!$I$7<>Calc!$K$6,"",IF(C28="","",IF(C28=Calc!$C$9,"",IF(AND(C28=$F$18,$F$13<=0),"",IF(C28=$F$18,Calc!$C$9,C28+1))))),"") -> 7 | D29: =IFERROR(IF(Calc!$I$7<>Calc!$K$6,"",IF(C29="","",IF(C29=Calc!$C$9,D28,EDATE(D28,INDEX(Calc!$E$5:$E$8,MATCH(Dashboard!$F$11,Calc!$C$5:$C$8,0)))))),"") -> 44889 | E29: =IFERROR(IF(Calc!$I$7<>Calc!$K$6,"",IF(LEN(C29)=0,"",H29-F29)),"") -> 10582.437 | F29: =IFERROR(IF(Calc!$I$7<>Calc!$K$6,"",IF(LEN(C29)=0,"",IF(C29=Calc!$C$9,0,(I28-$F$13)*Calc!$D$11+Calc!$D$12))),"") -> 1614.2548 | H29: =IFERROR(IF(Calc!$I$7<>Calc!$K$6,"",IF(LEN(C29)=0,"",IF(C29=Calc!$C$9,Dashboard!$F$13,Calc!$D$14))),"") -> 12196.692 | I29: =IFERROR(IF(Calc!$I$7<>Calc!$K$6,"",IF(LEN(C29)=0,"",I28-E29)),"") -> 376838.71
C30: =IFERROR(IF(Calc!$I$7<>Calc!$K$6,"",IF(C29="","",IF(C29=Calc!$C$9,"",IF(AND(C29=$F$18,$F$13<=0),"",IF(C29=$F$18,Calc!$C$9,C29+1))))),"") -> 8 | D30: =IFERROR(IF(Calc!$I$7<>Calc!$K$6,"",IF(C30="","",IF(C30=Calc!$C$9,D29,EDATE(D29,INDEX(Calc!$E$5:$E$8,MATCH(Dashboard!$F$11,Calc!$C$5:$C$8,0)))))),"") -> 44919 | E30: =IFERROR(IF(Calc!$I$7<>Calc!$K$6,"",IF(LEN(C30)=0,"",H30-F30)),"") -> 10626.531 | F30: =IFERROR(IF(Calc!$I$7<>Calc!$K$6,"",IF(LEN(C30)=0,"",IF(C30=Calc!$C$9,0,(I29-$F$13)*Calc!$D$11+Calc!$D$12))),"") -> 1570.1613 | H30: =IFERROR(IF(Calc!$I$7<>Calc!$K$6,"",IF(LEN(C30)=0,"",IF(C30=Calc!$C$9,Dashboard!$F$13,Calc!$D$14))),"") -> 12196.692 | I30: =IFERROR(IF(Calc!$I$7<>Calc!$K$6,"",IF(LEN(C30)=0,"",I29-E30)),"") -> 366212.18
C31: =IFERROR(IF(Calc!$I$7<>Calc!$K$6,"",IF(C30="","",IF(C30=Calc!$C$9,"",IF(AND(C30=$F$18,$F$13<=0),"",IF(C30=$F$18,Calc!$C$9,C30+1))))),"") -> 9 | D31: =IFERROR(IF(Calc!$I$7<>Calc!$K$6,"",IF(C31="","",IF(C31=Calc!$C$9,D30,EDATE(D30,INDEX(Calc!$E$5:$E$8,MATCH(Dashboard!$F$11,Calc!$C$5:$C$8,0)))))),"") -> 44950 | E31: =IFERROR(IF(Calc!$I$7<>Calc!$K$6,"",IF(LEN(C31)=0,"",H31-F31)),"") -> 10670.808 | F31: =IFERROR(IF(Calc!$I$7<>Calc!$K$6,"",IF(LEN(C31)=0,"",IF(C31=Calc!$C$9,0,(I30-$F$13)*Calc!$D$11+Calc!$D$12))),"") -> 1525.8841 | H31: =IFERROR(IF(Calc!$I$7<>Calc!$K$6,"",IF(LEN(C31)=0,"",IF(C31=Calc!$C$9,Dashboard!$F$13,Calc!$D$14))),"") -> 12196.692 | I31: =IFERROR(IF(Calc!$I$7<>Calc!$K$6,"",IF(LEN(C31)=0,"",I30-E31)),"") -> 355541.37
C32: =IFERROR(IF(Calc!$I$7<>Calc!$K$6,"",IF(C31="","",IF(C31=Calc!$C$9,"",IF(AND(C31=$F$18,$F$13<=0),"",IF(C31=$F$18,Calc!$C$9,C31+1))))),"") -> 10 | D32: =IFERROR(IF(Calc!$I$7<>Calc!$K$6,"",IF(C32="","",IF(C32=Calc!$C$9,D31,EDATE(D31,INDEX(Calc!$E$5:$E$8,MATCH(Dashboard!$F$11,Calc!$C$5:$C$8,0)))))),"") -> 44981 | E32: =IFERROR(IF(Calc!$I$7<>Calc!$K$6,"",IF(LEN(C32)=0,"",H32-F32)),"") -> 10715.27 | F32: =IFERROR(IF(Calc!$I$7<>Calc!$K$6,"",IF(LEN(C32)=0,"",IF(C32=Calc!$C$9,0,(I31-$F$13)*Calc!$D$11+Calc!$D$12))),"") -> 1481.4224 | H32: =IFERROR(IF(Calc!$I$7<>Calc!$K$6,"",IF(LEN(C32)=0,"",IF(C32=Calc!$C$9,Dashboard!$F$13,Calc!$D$14))),"") -> 12196.692 | I32: =IFERROR(IF(Calc!$I$7<>Calc!$K$6,"",IF(LEN(C32)=0,"",I31-E32)),"") -> 344826.1
C33: =IFERROR(IF(Calc!$I$7<>Calc!$K$6,"",IF(C32="","",IF(C32=Calc!$C$9,"",IF(AND(C32=$F$18,$F$13<=0),"",IF(C32=$F$18,Calc!$C$9,C32+1))))),"") -> 11 | D33: =IFERROR(IF(Calc!$I$7<>Calc!$K$6,"",IF(C33="","",IF(C33=Calc!$C$9,D32,EDATE(D32,INDEX(Calc!$E$5:$E$8,MATCH(Dashboard!$F$11,Calc!$C$5:$C$8,0)))))),"") -> 45009 | E33: =IFERROR(IF(Calc!$I$7<>Calc!$K$6,"",IF(LEN(C33)=0,"",H33-F33)),"") -> 10759.917 | F33: =IFERROR(IF(Calc!$I$7<>Calc!$K$6,"",IF(LEN(C33)=0,"",IF(C33=Calc!$C$9,0,(I32-$F$13)*Calc!$D$11+Calc!$D$12))),"") -> 1436.7754 | H33: =IFERROR(IF(Calc!$I$7<>Calc!$K$6,"",IF(LEN(C33)=0,"",IF(C33=Calc!$C$9,Dashboard!$F$13,Calc!$D$14))),"") -> 12196.692 | I33: =IFERROR(IF(Calc!$I$7<>Calc!$K$6,"",IF(LEN(C33)=0,"",I32-E33)),"") -> 334066.18
C34: =IFERROR(IF(Calc!$I$7<>Calc!$K$6,"",IF(C33="","",IF(C33=Calc!$C$9,"",IF(AND(C33=$F$18,$F$13<=0),"",IF(C33=$F$18,Calc!$C$9,C33+1))))),"") -> 12 | D34: =IFERROR(IF(Calc!$I$7<>Calc!$K$6,"",IF(C34="","",IF(C34=Calc!$C$9,D33,EDATE(D33,INDEX(Calc!$E$5:$E$8,MATCH(Dashboard!$F$11,Calc!$C$5:$C$8,0)))))),"") -> 45040 | E34: =IFERROR(IF(Calc!$I$7<>Calc!$K$6,"",IF(LEN(C34)=0,"",H34-F34)),"") -> 10804.75 | F34: =IFERROR(IF(Calc!$I$7<>Calc!$K$6,"",IF(LEN(C34)=0,"",IF(C34=Calc!$C$9,0,(I33-$F$13)*Calc!$D$11+Calc!$D$12))),"") -> 1391.9424 | H34: =IFERROR(IF(Calc!$I$7<>Calc!$K$6,"",IF(LEN(C34)=0,"",IF(C34=Calc!$C$9,Dashboard!$F$13,Calc!$D$14))),"") -> 12196.692 | I34: =IFERROR(IF(Calc!$I$7<>Calc!$K$6,"",IF(LEN(C34)=0,"",I33-E34)),"") -> 323261.43
C35: =IFERROR(IF(Calc!$I$7<>Calc!$K$6,"",IF(C34="","",IF(C34=Calc!$C$9,"",IF(AND(C34=$F$18,$F$13<=0),"",IF(C34=$F$18,Calc!$C$9,C34+1))))),"") -> 13 | D35: =IFERROR(IF(Calc!$I$7<>Calc!$K$6,"",IF(C35="","",IF(C35=Calc!$C$9,D34,EDATE(D34,INDEX(Calc!$E$5:$E$8,MATCH(Dashboard!$F$11,Calc!$C$5:$C$8,0)))))),"") -> 45070 | E35: =IFERROR(IF(Calc!$I$7<>Calc!$K$6,"",IF(LEN(C35)=0,"",H35-F35)),"") -> 10849.77 | F35: =IFERROR(IF(Calc!$I$7<>Calc!$K$6,"",IF(LEN(C35)=0,"",IF(C35=Calc!$C$9,0,(I34-$F$13)*Calc!$D$11+Calc!$D$12))),"") -> 1346.9226 | H35: =IFERROR(IF(Calc!$I$7<>Calc!$K$6,"",IF(LEN(C35)=0,"",IF(C35=Calc!$C$9,Dashboard!$F$13,Calc!$D$14))),"") -> 12196.692 | I35: =IFERROR(IF(Calc!$I$7<>Calc!$K$6,"",IF(LEN(C35)=0,"",I34-E35)),"") -> 312411.66
... C59: =IFERROR(IF(Calc!$I$7<>Calc!$K$6,"",IF(C58="","",IF(C58=Calc!$C$9,"",IF(AND(C58=$F$18,$F$13<=0),"",IF(C58=$F$18,Calc!$C$9,C58+1))))),"") -> Balloon | D59: =IFERROR(IF(Calc!$I$7<>Calc!$K$6,"",IF(C59="","",IF(C59=Calc!$C$9,D58,EDATE(D58,INDEX(Calc!$E$5:$E$8,MATCH(Dashboard!$F$11,Calc!$C$5:$C$8,0)))))),"") -> 45771 | E59: =IFERROR(IF(Calc!$I$7<>Calc!$K$6,"",IF(LEN(C59)=0,"",H59-F59)),"") -> 50000 | F59: =IFERROR(IF(Calc!$I$7<>Calc!$K$6,"",IF(LEN(C59)=0,"",IF(C59=Calc!$C$9,0,(I58-$F$13)*Calc!$D$11+Calc!$D$12))),"") -> 0 | H59: =IFERROR(IF(Calc!$I$7<>Calc!$K$6,"",IF(LEN(C59)=0,"",IF(C59=Calc!$C$9,Dashboard!$F$13,Calc!$D$14))),"") -> 50000 | I59: =IFERROR(IF(Calc!$I$7<>Calc!$K$6,"",IF(LEN(C59)=0,"",I58-E59)),"") -> 1.3023964e-09

Sheet Calc
C4: Payment frequency | D4: No of periods in 1 year | E4: No of months between payments | F4: Mod | H4: Error Check (This area checks if the user input a loan term and also if the frequency and payment term are in line. eg. You cannot pay annualy in 23 months. It should be 12/24/36 etc.) | P4: Status Dropdown
C5: Monthly | D5: 12 | E5: 1 | F5: 1 | P5: ✔
C6: Quarterly | D6: 4 | E6: 3 | F6: 3 | H6: Mod | I6: =IFERROR(INDEX(F5:F8,MATCH(Dashboard!F11,Calc!C5:C8,0)),"") -> 1 | K6: 0 | L6: No error | P6: ✖
C7: Semi Annually | D7: 2 | E7: 6 | F7: 6 | H7: Error Check | I7: =IFERROR(IF(LEN(Dashboard!F8)=0,K6,IF(OR(Dashboard!$F$12="",Dashboard!$F$12=0),Calc!K8,IF(MOD(Dashboard!F12,Calc!I6)=0,Calc!K6,Calc!K7))),"") -> 0 | K7: 1 | L7: Mod Error
C8: Annually | D8: 1 | E8: 12 | F8: 12 | K8: 2 | L8: Zero Error
C9: Balloon
C11: Term Interest Rate | D11: =IFERROR(Dashboard!$F$9/12*INDEX(Calc!$E$5:$E$8,MATCH(Dashboard!$F$11,Calc!$C$5:$C$8,0)),"") -> 0.0041666667 | H11: Error Note | I11: =IFERROR(IF(I7=K6,"",IF(I7=K7,"ERROR! You can cannot pay "&Dashboard!$F$11&" in "&Dashboard!$F$12&" months.",IF(I7=K8,"ERROR! Please input a loan term other than zero.",""))),"")
C12: Ballon Interest | D12: =IFERROR(Dashboard!$F$13*Calc!$D$11,0) -> 208.33333
C13: Number of periods | D13: =IFERROR(INDEX(Calc!$D$5:$D$8,MATCH(Dashboard!$F$11,$C$5:$C$8,0)),"") -> 12
C14: Total Installment Payment | D14: =IFERROR(((Dashboard!F8-Dashboard!F13)*Dashboard!F9/(Calc!D13*(1-POWER((1+Dashboard!F9/Calc!D13),(-Dashboard!F12/12*Calc!D13)))))+D12,"") -> 12196.692
C16: List Row Number | D16: =IFERROR(IF($I$7<>K6,0,IF(Dashboard!F13<=0,Dashboard!F18,Dashboard!F18+1)),2000) -> 37
C18: Print Row | D18: =IFERROR(D16+ROW(Dashboard!C23)-ROW(Dashboard!C6),2010) -> 54
I20: Selected Term | J20: =Dashboard!$H$6 -> 24 | L20: =MAX(COUNTA($L$22:$L$58)-COUNTIF($L$22:$L$58,""),1) -> 36
B21: INDEX | C21: Payment Period | D21: Capital Paid | E21: Interest Paid | F21: Remaining Balance | I21: Pie Chart | L21: Chart Dropdown
B22: 1 | C22: =IFERROR(INDEX(Dashboard!$C$23:$I$59,Calc!$B22,MATCH(Calc!C$21,Dashboard!$C$22:$I$22,0)),"") -> 1 | D22: =IFERROR(INDEX(Dashboard!$C$23:$I$59,Calc!$B22,MATCH(Calc!D$21,Dashboard!$C$22:$I$22,0)),"") -> 10321.692 | E22: =IFERROR(INDEX(Dashboard!$C$23:$I$59,Calc!$B22,MATCH(Calc!E$21,Dashboard!$C$22:$I$22,0)),"") -> 1875 | F22: =IFERROR(INDEX(Dashboard!$C$23:$I$59,Calc!$B22,MATCH(Calc!F$21,Dashboard!$C$22:$I$22,0)),"") -> 439678.31 | I22: Cumulative Capital Paid | J22: =IFERROR(INDEX($B$22:$F$58,MATCH($J$20,$B$22:$B$58,0),3),"") -> 259961.32 | L22: =IF(AND(LEN(Calc!$C22)>0,Calc!$C22<>"Balloon"),Calc!$B22,"") -> 1
B23: 2 | C23: =IFERROR(INDEX(Dashboard!$C$23:$I$59,Calc!$B23,MATCH(Calc!C$21,Dashboard!$C$22:$I$22,0)),"") -> 2 | D23: =IFERROR(IF(LEN(D22)>0,INDEX(Dashboard!$C$23:$I$59,Calc!$B23,MATCH(Calc!D$21,Dashboard!$C$22:$I$22,0))+D22,""),"") -> 20686.391 | E23: =IFERROR(IF(LEN(E22)>0,INDEX(Dashboard!$C$23:$I$59,Calc!$B23,MATCH(Calc!E$21,Dashboard!$C$22:$I$22,0))+E22,""),"") -> 3706.9929 | F23: =IFERROR(INDEX(Dashboard!$C$23:$I$59,Calc!$B23,MATCH(Calc!F$21,Dashboard!$C$22:$I$22,0)),"") -> 429313.61 | I23: Cumulative Interest Paid | J23: =IFERROR(INDEX($B$22:$F$58,MATCH($J$20,$B$22:$B$58,0),4),"") -> 32759.293 | L23: =IF(AND(LEN(Calc!$C23)>0,Calc!$C23<>"Balloon"),Calc!$B23,"") -> 2
B24: 3 | C24: =IFERROR(INDEX(Dashboard!$C$23:$I$59,Calc!$B24,MATCH(Calc!C$21,Dashboard!$C$22:$I$22,0)),"") -> 3 | D24: =IFERROR(IF(LEN(D23)>0,INDEX(Dashboard!$C$23:$I$59,Calc!$B24,MATCH(Calc!D$21,Dashboard!$C$22:$I$22,0))+D23,""),"") -> 31094.277 | E24: =IFERROR(IF(LEN(E23)>0,INDEX(Dashboard!$C$23:$I$59,Calc!$B24,MATCH(Calc!E$21,Dashboard!$C$22:$I$22,0))+E23,""),"") -> 5495.7997 | F24: =IFERROR(INDEX(Dashboard!$C$23:$I$59,Calc!$B24,MATCH(Calc!F$21,Dashboard!$C$22:$I$22,0)),"") -> 418905.72 | I24: Remaining Balance | J24: =IFERROR(INDEX($B$22:$F$58,MATCH($J$20,$B$22:$B$58,0),5),"") -> 190038.68 | L24: =IF(AND(LEN(Calc!$C24)>0,Calc!$C24<>"Balloon"),Calc!$B24,"") -> 3
B25: 4 | C25: =IFERROR(INDEX(Dashboard!$C$23:$I$59,Calc!$B25,MATCH(Calc!C$21,Dashboard!$C$22:$I$22,0)),"") -> 4 | D25: =IFERROR(IF(LEN(D24)>0,INDEX(Dashboard!$C$23:$I$59,Calc!$B25,MATCH(Calc!D$21,Dashboard!$C$22:$I$22,0))+D24,""),"") -> 41545.529 | E25: =IFERROR(IF(LEN(E24)>0,INDEX(Dashboard!$C$23:$I$59,Calc!$B25,MATCH(Calc!E$21,Dashboard!$C$22:$I$22,0))+E24,""),"") -> 7241.2402 | F25: =IFERROR(INDEX(Dashboard!$C$23:$I$59,Calc!$B25,MATCH(Calc!F$21,Dashboard!$C$22:$I$22,0)),"") -> 408454.47 | L25: =IF(AND(LEN(Calc!$C25)>0,Calc!$C25<>"Balloon"),Calc!$B25,"") -> 4
B26: 5 | C26: =IFERROR(INDEX(Dashboard!$C$23:$I$59,Calc!$B26,MATCH(Calc!C$21,Dashboard!$C$22:$I$22,0)),"") -> 5 | D26: =IFERROR(IF(LEN(D25)>0,INDEX(Dashboard!$C$23:$I$59,Calc!$B26,MATCH(Calc!D$21,Dashboard!$C$22:$I$22,0))+D25,""),"") -> 52040.327 | E26: =IFERROR(IF(LEN(E25)>0,INDEX(Dashboard!$C$23:$I$59,Calc!$B26,MATCH(Calc!E$21,Dashboard!$C$22:$I$22,0))+E25,""),"") -> 8943.1338 | F26: =IFERROR(INDEX(Dashboard!$C$23:$I$59,Calc!$B26,MATCH(Calc!F$21,Dashboard!$C$22:$I$22,0)),"") -> 397959.67 | L26: =IF(AND(LEN(Calc!$C26)>0,Calc!$C26<>"Balloon"),Calc!$B26,"") -> 5
B27: 6 | C27: =IFERROR(INDEX(Dashboard!$C$23:$I$59,Calc!$B27,MATCH(Calc!C$21,Dashboard!$C$22:$I$22,0)),"") -> 6 | D27: =IFERROR(IF(LEN(D26)>0,INDEX(Dashboard!$C$23:$I$59,Calc!$B27,MATCH(Calc!D$21,Dashboard!$C$22:$I$22,0))+D26,""),"") -> 62578.854 | E27: =IFERROR(IF(LEN(E26)>0,INDEX(Dashboard!$C$23:$I$59,Calc!$B27,MATCH(Calc!E$21,Dashboard!$C$22:$I$22,0))+E26,""),"") -> 10601.299 | F27: =IFERROR(INDEX(Dashboard!$C$23:$I$59,Calc!$B27,MATCH(Calc!F$21,Dashboard!$C$22:$I$22,0)),"") -> 387421.15 | L27: =IF(AND(LEN(Calc!$C27)>0,Calc!$C27<>"Balloon"),Calc!$B27,"") -> 6
B28: 7 | C28: =IFERROR(INDEX(Dashboard!$C$23:$I$59,Calc!$B28,MATCH(Calc!C$21,Dashboard!$C$22:$I$22,0)),"") -> 7 | D28: =IFERROR(IF(LEN(D27)>0,INDEX(Dashboard!$C$23:$I$59,Calc!$B28,MATCH(Calc!D$21,Dashboard!$C$22:$I$22,0))+D27,""),"") -> 73161.291 | E28: =IFERROR(IF(LEN(E27)>0,INDEX(Dashboard!$C$23:$I$59,Calc!$B28,MATCH(Calc!E$21,Dashboard!$C$22:$I$22,0))+E27,""),"") -> 12215.554 | F28: =IFERROR(INDEX(Dashboard!$C$23:$I$59,Calc!$B28,MATCH(Calc!F$21,Dashboard!$C$22:$I$22,0)),"") -> 376838.71 | L28: =IF(AND(LEN(Calc!$C28)>0,Calc!$C28<>"Balloon"),Calc!$B28,"") -> 7
B29: 8 | C29: =IFERROR(INDEX(Dashboard!$C$23:$I$59,Calc!$B29,MATCH(Calc!C$21,Dashboard!$C$22:$I$22,0)),"") -> 8 | D29: =IFERROR(IF(LEN(D28)>0,INDEX(Dashboard!$C$23:$I$59,Calc!$B29,MATCH(Calc!D$21,Dashboard!$C$22:$I$22,0))+D28,""),"") -> 83787.822 | E29: =IFERROR(IF(LEN(E28)>0,INDEX(Dashboard!$C$23:$I$59,Calc!$B29,MATCH(Calc!E$21,Dashboard!$C$22:$I$22,0))+E28,""),"") -> 13785.715 | F29: =IFERROR(INDEX(Dashboard!$C$23:$I$59,Calc!$B29,MATCH(Calc!F$21,Dashboard!$C$22:$I$22,0)),"") -> 366212.18 | L29: =IF(AND(LEN(Calc!$C29)>0,Calc!$C29<>"Balloon"),Calc!$B29,"") -> 8
B30: 9 | C30: =IFERROR(INDEX(Dashboard!$C$23:$I$59,Calc!$B30,MATCH(Calc!C$21,Dashboard!$C$22:$I$22,0)),"") -> 9 | D30: =IFERROR(IF(LEN(D29)>0,INDEX(Dashboard!$C$23:$I$59,Calc!$B30,MATCH(Calc!D$21,Dashboard!$C$22:$I$22,0))+D29,""),"") -> 94458.63 | E30: =IFERROR(IF(LEN(E29)>0,INDEX(Dashboard!$C$23:$I$59,Calc!$B30,MATCH(Calc!E$21,Dashboard!$C$22:$I$22,0))+E29,""),"") -> 15311.599 | F30: =IFERROR(INDEX(Dashboard!$C$23:$I$59,Calc!$B30,MATCH(Calc!F$21,Dashboard!$C$22:$I$22,0)),"") -> 355541.37 | L30: =IF(AND(LEN(Calc!$C30)>0,Calc!$C30<>"Balloon"),Calc!$B30,"") -> 9
B31: 10 | C31: =IFERROR(INDEX(Dashboard!$C$23:$I$59,Calc!$B31,MATCH(Calc!C$21,Dashboard!$C$22:$I$22,0)),"") -> 10 | D31: =IFERROR(IF(LEN(D30)>0,INDEX(Dashboard!$C$23:$I$59,Calc!$B31,MATCH(Calc!D$21,Dashboard!$C$22:$I$22,0))+D30,""),"") -> 105173.9 | E31: =IFERROR(IF(LEN(E30)>0,INDEX(Dashboard!$C$23:$I$59,Calc!$B31,MATCH(Calc!E$21,Dashboard!$C$22:$I$22,0))+E30,""),"") -> 16793.022 | F31: =IFERROR(INDEX(Dashboard!$C$23:$I$59,Calc!$B31,MATCH(Calc!F$21,Dashboard!$C$22:$I$22,0)),"") -> 344826.1 | L31: =IF(AND(LEN(Calc!$C31)>0,Calc!$C31<>"Balloon"),Calc!$B31,"") -> 10
B32: 11 | C32: =IFERROR(INDEX(Dashboard!$C$23:$I$59,Calc!$B32,MATCH(Calc!C$21,Dashboard!$C$22:$I$22,0)),"") -> 11 | D32: =IFERROR(IF(LEN(D31)>0,INDEX(Dashboard!$C$23:$I$59,Calc!$B32,MATCH(Calc!D$21,Dashboard!$C$22:$I$22,0))+D31,""),"") -> 115933.82 | E32: =IFERROR(IF(LEN(E31)>0,INDEX(Dashboard!$C$23:$I$59,Calc!$B32,MATCH(Calc!E$21,Dashboard!$C$22:$I$22,0))+E31,""),"") -> 18229.797 | F32: =IFERROR(INDEX(Dashboard!$C$23:$I$59,Calc!$B32,MATCH(Calc!F$21,Dashboard!$C$22:$I$22,0)),"") -> 334066.18 | L32: =IF(AND(LEN(Calc!$C32)>0,Calc!$C32<>"Balloon"),Calc!$B32,"") -> 11
B33: 12 | C33: =IFERROR(INDEX(Dashboard!$C$23:$I$59,Calc!$B33,MATCH(Calc!C$21,Dashboard!$C$22:$I$22,0)),"") -> 12 | D33: =IFERROR(IF(LEN(D32)>0,INDEX(Dashboard!$C$23:$I$59,Calc!$B33,MATCH(Calc!D$21,Dashboard!$C$22:$I$22,0))+D32,""),"") -> 126738.57 | E33: =IFERROR(IF(LEN(E32)>0,INDEX(Dashboard!$C$23:$I$59,Calc!$B33,MATCH(Calc!E$21,Dashboard!$C$22:$I$22,0))+E32,""),"") -> 19621.739 | F33: =IFERROR(INDEX(Dashboard!$C$23:$I$59,Calc!$B33,MATCH(Calc!F$21,Dashboard!$C$22:$I$22,0)),"") -> 323261.43 | L33: =IF(AND(LEN(Calc!$C33)>0,Calc!$C33<>"Balloon"),Calc!$B33,"") -> 12
B34: 13 | C34: =IFERROR(INDEX(Dashboard!$C$23:$I$59,Calc!$B34,MATCH(Calc!C$21,Dashboard!$C$22:$I$22,0)),"") -> 13 | D34: =IFERROR(IF(LEN(D33)>0,INDEX(Dashboard!$C$23:$I$59,Calc!$B34,MATCH(Calc!D$21,Dashboard!$C$22:$I$22,0))+D33,""),"") -> 137588.34 | E34: =IFERROR(IF(LEN(E33)>0,INDEX(Dashboard!$C$23:$I$59,Calc!$B34,MATCH(Calc!E$21,Dashboard!$C$22:$I$22,0))+E33,""),"") -> 20968.662 | F34: =IFERROR(INDEX(Dashboard!$C$23:$I$59,Calc!$B34,MATCH(Calc!F$21,Dashboard!$C$22:$I$22,0)),"") -> 312411.66 | L34: =IF(AND(LEN(Calc!$C34)>0,Calc!$C34<>"Balloon"),Calc!$B34,"") -> 13
B35: 14 | C35: =IFERROR(INDEX(Dashboard!$C$23:$I$59,Calc!$B35,MATCH(Calc!C$21,Dashboard!$C$22:$I$22,0)),"") -> 14 | D35: =IFERROR(IF(LEN(D34)>0,INDEX(Dashboard!$C$23:$I$59,Calc!$B35,MATCH(Calc!D$21,Dashboard!$C$22:$I$22,0))+D34,""),"") -> 148483.31 | E35: =IFERROR(IF(LEN(E34)>0,INDEX(Dashboard!$C$23:$I$59,Calc!$B35,MATCH(Calc!E$21,Dashboard!$C$22:$I$22,0))+E34,""),"") -> 22270.377 | F35: =IFERROR(INDEX(Dashboard!$C$23:$I$59,Calc!$B35,MATCH(Calc!F$21,Dashboard!$C$22:$I$22,0)),"") -> 301516.69 | L35: =IF(AND(LEN(Calc!$C35)>0,Calc!$C35<>"Balloon"),Calc!$B35,"") -> 14
B36: 15 | C36: =IFERROR(INDEX(Dashboard!$C$23:$I$59,Calc!$B36,MATCH(Calc!C$21,Dashboard!$C$22:$I$22,0)),"") -> 15 | D36: =IFERROR(IF(LEN(D35)>0,INDEX(Dashboard!$C$23:$I$59,Calc!$B36,MATCH(Calc!D$21,Dashboard!$C$22:$I$22,0))+D35,""),"") -> 159423.69 | E36: =IFERROR(IF(LEN(E35)>0,INDEX(Dashboard!$C$23:$I$59,Calc!$B36,MATCH(Calc!E$21,Dashboard!$C$22:$I$22,0))+E35,""),"") -> 23526.697 | F36: =IFERROR(INDEX(Dashboard!$C$23:$I$59,Calc!$B36,MATCH(Calc!F$21,Dashboard!$C$22:$I$22,0)),"") -> 290576.31 | L36: =IF(AND(LEN(Calc!$C36)>0,Calc!$C36<>"Balloon"),Calc!$B36,"") -> 15
... B58: 37 | C58: =IFERROR(INDEX(Dashboard!$C$23:$I$59,Calc!$B58,MATCH(Calc!C$21,Dashboard!$C$22:$I$22,0)),"") -> Balloon | D58: =IFERROR(IF(LEN(D57)>0,INDEX(Dashboard!$C$23:$I$59,Calc!$B58,MATCH(Calc!D$21,Dashboard!$C$22:$I$22,0))+D57,""),"") -> 450000 | E58: =IFERROR(IF(LEN(E57)>0,INDEX(Dashboard!$C$23:$I$59,Calc!$B58,MATCH(Calc!E$21,Dashboard!$C$22:$I$22,0))+E57,""),"") -> 39080.918 | F58: =IFERROR(INDEX(Dashboard!$C$23:$I$59,Calc!$B58,MATCH(Calc!F$21,Dashboard!$C$22:$I$22,0)),"") -> 1.3023964e-09 | L58: =IF(AND(LEN(Calc!$C58)>0,Calc!$C58<>"Balloon"),Calc!$B58,"")
